3A
COLUMBIA RIVER RATS @ WALLA WALLA WALLEYE
09/04/2041
 
TOP OF THE 1ST
Columbia River Rats batting - Pitching for Walla Walla Walleye : RHP Joe Wagner
Pitching: RHP Joe Wagner
Batting: RHB Robinson Vargas 0-0: Called Strike
0-1: Ball
1-1: Ball
2-1: Ground out 5-3 (Groundball, 56, EV 85.0 MPH)
Batting: RHB Guillermo Alemán 0-0: Called Strike
0-1: Ball
1-1: Ball
2-1: Foul Ball, location: 2F
2-2: Strikes out looking
Batting: LHB Amani Marwan 0-0: Foul Ball, location: 2F
0-1: Foul Ball, location: 2F
0-2: Ball
1-2: Ball
2-2: Ball
3-2: Ground out U3 (Groundball, 3, EV 85.0 MPH)
Top of the 1st over - 0 runs, 0 hits, 0 errors, 0 left on base; Columbia 0 - Walla Walla 0
BOTTOM OF THE 1ST
Walla Walla Walleye batting - Pitching for Columbia River Rats : RHP John Boyd
Pitching: RHP John Boyd
Batting: LHB Steve Williams 0-0: Called Strike
0-1: Foul Ball, location: 2F
0-2: Foul Ball, location: 2F
0-2: Foul Ball, location: 2F
0-2: Ball
1-2: Ball
2-2: Strikes out swinging
Batting: RHB Jordan Attoe 0-0: Ball
1-0: Called Strike
1-1: Swinging Strike
1-2: Ball
2-2: Ball
3-2: Base on Balls
Batting: RHB Eloi Hanai 0-0: Ball
1-0: SINGLE (Groundball, 34D, EV 108.1 MPH)
Jordan Attoe to second
Runner from 2nd tries for 3rd, SAFE, throw by RF made to third
Batting: LHB Van Durr 0-0: Fly out, F7 (Flyball, 78M, EV 83.1 MPH)
Runner from 3rd tags up, SCORES, throw by LF
Batting: RHB Bernard Dowiyogo 0-0: Ball
Eloi Hanai steals 2nd base
1-0: Ball
2-0: Fly out, F3 (Popup, 3, EV 67.5 MPH)
Bottom of the 1st over - 1 run, 1 hit, 0 errors, 1 left on base; Columbia 0 - Walla Walla 1
TOP OF THE 2ND
Columbia River Rats batting - Pitching for Walla Walla Walleye : RHP Joe Wagner
Batting: RHB Koryusai Maejima 0-0: Fly out, F7 (Flyball, 7S, EV 88.1 MPH)
Batting: RHB Wu-ji Hsia 0-0: Ball
1-0: Ground out U3 (Groundball, 34, EV 100.0 MPH)
Batting: RHB Robbie Clark 0-0: Ball
1-0: Ball
2-0: Foul Ball, location: 2F
2-1: Called Strike
2-2: Ball
3-2: Strikes out swinging
Top of the 2nd over - 0 runs, 0 hits, 0 errors, 0 left on base; Columbia 0 - Walla Walla 1
BOTTOM OF THE 2ND
Walla Walla Walleye batting - Pitching for Columbia River Rats : RHP John Boyd
Batting: RHB Dan Barnes 0-0: Foul Ball, location: 2F
0-1: Ball
1-1: Ball
2-1: Ball
3-1: Ground out 1-3 (Groundball, P, EV 80.6 MPH)
Batting: RHB Jorge Pedroso 0-0: Ball
1-0: Ball
2-0: Foul Ball, location: 2F
2-1: Swinging Strike
2-2: Ball
3-2: Fly out, F8 (Line Drive, 8LD, EV 94.4 MPH)
Batting: RHB Alberto Zúńiga 0-0: Called Strike
0-1: Ball
1-1: Ball
2-1: Fly out, F9 (Flyball, 9LM, EV 73.8 MPH)
Bottom of the 2nd over - 0 runs, 0 hits, 0 errors, 0 left on base; Columbia 0 - Walla Walla 1
TOP OF THE 3RD
Columbia River Rats batting - Pitching for Walla Walla Walleye : RHP Joe Wagner
Batting: RHB Gregor Lennox 0-0: Ball
1-0: Ball
2-0: Foul Ball, location: 2F
2-1: Ball
3-1: Swinging Strike
3-2: Strikes out swinging
Batting: RHB Alonso Salgado 0-0: Called Strike
0-1: Ball
1-1: Swinging Strike
1-2: SINGLE (Groundball, 34D, EV 101.9 MPH)
Batting: RHB Oliver Buss 0-0: Fly out, F7 (Flyball, 7S, EV 88.8 MPH)
Batting: RHB Robinson Vargas 0-0: Ball
1-0: Foul Ball, location: 2F
1-1: Hit by Pitch
Alonso Salgado to second
Batting: RHB Guillermo Alemán 0-0: Ball
1-0: Swinging Strike
1-1: Fielders Choice at 2nd, 5-4 (Groundball, 5, EV 96.9 MPH)
Top of the 3rd over - 0 runs, 1 hit, 0 errors, 2 left on base; Columbia 0 - Walla Walla 1
BOTTOM OF THE 3RD
Walla Walla Walleye batting - Pitching for Columbia River Rats : RHP John Boyd
Batting: RHB Carlton Martin 0-0: Foul Ball, location: 2F
0-1: Called Strike
0-2: Foul Ball, location: 2F
0-2: Ball
1-2: Foul Ball, location: 2F
1-2: Foul Ball, location: 2F
1-2: Ground out U3 (Groundball, 3, EV 85.6 MPH)
Batting: LHB Steve Williams 0-0: Ball
1-0: Ball
2-0: Ball
3-0: Base on Balls
Batting: RHB Jordan Attoe 0-0: Ball
1-0: Ball
2-0: Fielders Choice at 2nd, 1-6 (Groundball, 13, EV 85.0 MPH)
Batting: RHB Eloi Hanai 0-0: Fielders Choice at 2nd, 5-4 (Groundball, 5, EV 98.8 MPH)
Bottom of the 3rd over - 0 runs, 0 hits, 0 errors, 1 left on base; Columbia 0 - Walla Walla 1
TOP OF THE 4TH
Columbia River Rats batting - Pitching for Walla Walla Walleye : RHP Joe Wagner
Batting: LHB Amani Marwan 0-0: Foul Ball, location: 2F
0-1: Ball
1-1: Fly out, F9 (Flyball, 9S, EV 91.9 MPH)
Batting: RHB Koryusai Maejima 0-0: Called Strike
0-1: Swinging Strike
0-2: Foul Ball, location: 2F
0-2: Ball
1-2: Ball
2-2: Ball
3-2: Strikes out looking
Batting: RHB Wu-ji Hsia 0-0: Swinging Strike
0-1: Ball
1-1: Ball
2-1: DOUBLE (Line Drive, 7LM, EV 112.5 MPH)
Batting: RHB Robbie Clark 0-0: SINGLE (Groundball, 56, EV 78.1 MPH) (infield hit)
Wu-ji Hsia to third
Batting: RHB Gregor Lennox 0-0: Ball
1-0: SINGLE (Groundball, 56D, EV 109.4 MPH)
Wu-ji Hsia scores
Robbie Clark to second
Batting: RHB Alonso Salgado 0-0: Foul Ball, location: 2F
0-1: Ball
1-1: Fly out, F8 (Flyball, 89M, EV 85.6 MPH)
Top of the 4th over - 1 run, 3 hits, 0 errors, 2 left on base; Columbia 1 - Walla Walla 1
BOTTOM OF THE 4TH
Walla Walla Walleye batting - Pitching for Columbia River Rats : RHP John Boyd
Batting: LHB Van Durr 0-0: Ball
1-0: Swinging Strike
1-1: Foul Ball, location: 2F
1-2: Strikes out swinging
Batting: RHB Bernard Dowiyogo 0-0: Foul Ball, location: 2F
0-1: Fly out, F8 (Flyball, 89M, EV 95.6 MPH)
Batting: RHB Dan Barnes 0-0: Called Strike
0-1: Ball
1-1: Ball
2-1: Ball
3-1: Called Strike
3-2: Foul Ball, location: 2F
3-2: Fly out, F9 (Flyball, 89M, EV 70.6 MPH)
Bottom of the 4th over - 0 runs, 0 hits, 0 errors, 0 left on base; Columbia 1 - Walla Walla 1
TOP OF THE 5TH
Columbia River Rats batting - Pitching for Walla Walla Walleye : RHP Joe Wagner
Batting: RHB Oliver Buss 0-0: Ball
1-0: Ball
2-0: Ground out 6-3 (Groundball, 6MD, EV 105.6 MPH)
Batting: RHB Robinson Vargas 0-0: Hit by Pitch
Batting: RHB Guillermo Alemán 0-0: Called Strike
0-1: Swinging Strike
0-2: Strikes out looking
Batting: LHB Amani Marwan 0-0: Foul Ball, location: 2F
0-1: Ball
1-1: Foul Ball, location: 2F
1-2: Ball
Robinson Vargas steals 2nd base
2-2: Strikes out swinging
Top of the 5th over - 0 runs, 0 hits, 0 errors, 1 left on base; Columbia 1 - Walla Walla 1
BOTTOM OF THE 5TH
Walla Walla Walleye batting - Pitching for Columbia River Rats : RHP John Boyd
Batting: RHB Jorge Pedroso 0-0: Ball
1-0: Called Strike
1-1: Called Strike
1-2: Ball
2-2: Foul Ball, location: 2F
2-2: Foul Ball, location: 2F
2-2: Ball
3-2: Fly out, F8 (Flyball, 8RS, EV 87.5 MPH)
Batting: RHB Alberto Zúńiga 0-0: Ball
1-0: Foul Ball, location: 2F
1-1: Foul Ball, location: 2F
1-2: Ground out 5-3 (Groundball, 5S, EV 91.2 MPH)
Batting: RHB Carlton Martin 0-0: Ball
1-0: Ball
2-0: Called Strike
2-1: Ball
3-1: Foul Ball, location: 2F
3-2: Base on Balls
Pitching: RHP Rijk Blok
Batting: LHB Steve Williams 0-0: Called Strike
0-1: Foul Ball, location: 2F
0-2: Ball
1-2: Strikes out swinging
Bottom of the 5th over - 0 runs, 0 hits, 0 errors, 1 left on base; Columbia 1 - Walla Walla 1
TOP OF THE 6TH
Columbia River Rats batting - Pitching for Walla Walla Walleye : RHP Joe Wagner
Batting: RHB Koryusai Maejima 0-0: Called Strike
0-1: Ball
1-1: Ground out 1-3 (Groundball, 13, EV 67.5 MPH)
Batting: RHB Wu-ji Hsia 0-0: Called Strike
0-1: Ground out 6-3 (Groundball, 6, EV 87.5 MPH)
Batting: RHB Robbie Clark 0-0: Fly out, F9 (Flyball, 9D, EV 89.4 MPH)
Top of the 6th over - 0 runs, 0 hits, 0 errors, 0 left on base; Columbia 1 - Walla Walla 1
BOTTOM OF THE 6TH
Walla Walla Walleye batting - Pitching for Columbia River Rats : RHP Rijk Blok
Batting: RHB Jordan Attoe 0-0: Foul Ball, location: 2F
0-1: Ball
1-1: Foul Ball, location: 2F
1-2: Strikes out swinging, 2-3 out at first.
Batting: RHB Eloi Hanai 0-0: Foul Ball, location: 2F
0-1: Ball
1-1: Ball
2-1: Ground out 5-3 (Groundball, 5, EV 76.9 MPH)
Batting: LHB Van Durr 0-0: Ball
1-0: Swinging Strike
1-1: Swinging Strike
1-2: Ball
2-2: Strikes out looking
Bottom of the 6th over - 0 runs, 0 hits, 0 errors, 0 left on base; Columbia 1 - Walla Walla 1
TOP OF THE 7TH
Columbia River Rats batting - Pitching for Walla Walla Walleye : RHP Joe Wagner
Batting: RHB Gregor Lennox 0-0: Ball
1-0: SINGLE (Line Drive, 78M, EV 109.4 MPH)
Batting: RHB Alonso Salgado 0-0: Ball
1-0: Sac Bunt to P - play at first, batter OUT! 1-4
Gregor Lennox to second
Batting: RHB Oliver Buss 0-0: Called Strike
0-1: Ball
1-1: Swinging Strike
1-2: Foul Ball, location: 2F
1-2: Foul Ball, location: 2F
1-2: SINGLE (Groundball, 34, EV 101.9 MPH) (infield hit)
Gregor Lennox to third
Batting: RHB Robinson Vargas 0-0: Ball
1-0: Ball
2-0: Foul Ball, location: 2F
2-1: Foul Ball, location: 2F
2-2: Ground out 6-3 (Groundball, 6, EV 83.8 MPH)
Gregor Lennox scores
Oliver Buss to second
Pitching: LHP Derrick Jones
Batting: RHB Guillermo Alemán 0-0: Ball
1-0: Called Strike
1-1: Ball
2-1: Ball
3-1: Base on Balls
Batting: LHB Amani Marwan 0-0: Foul Ball, location: 2F
0-1: Ball
1-1: Ball
Wild Pitch!
Oliver Buss to third
Guillermo Alemán to second
2-1: Swinging Strike
2-2: Foul Ball, location: 2F
2-2: Strikes out swinging
Top of the 7th over - 1 run, 2 hits, 0 errors, 2 left on base; Columbia 2 - Walla Walla 1
BOTTOM OF THE 7TH
Walla Walla Walleye batting - Pitching for Columbia River Rats : RHP Rijk Blok
Batting: RHB Bernard Dowiyogo 0-0: Swinging Strike
0-1: Foul Ball, location: 2F
0-2: Ball
1-2: Strikes out looking
Batting: RHB Dan Barnes 0-0: Called Strike
0-1: Called Strike
0-2: Ball
1-2: Foul Ball, location: 2F
1-2: Ball
2-2: Strikes out swinging
Batting: RHB Jorge Pedroso 0-0: Ball
1-0: Called Strike
1-1: Swinging Strike
1-2: Ball
2-2: Strikes out swinging
Bottom of the 7th over - 0 runs, 0 hits, 0 errors, 0 left on base; Columbia 2 - Walla Walla 1
TOP OF THE 8TH
Columbia River Rats batting - Pitching for Walla Walla Walleye : LHP Derrick Jones
Batting: RHB Koryusai Maejima 0-0: DOUBLE (Line Drive, 5D, EV 101.2 MPH)
Batting: RHB Wu-ji Hsia 0-0: Ball
1-0: Ball
2-0: 2-RUN HOME RUN (Line Drive, 7D, EV 100.0 MPH), Distance : 408 ft
Batting: RHB Robbie Clark 0-0: Ball
1-0: Fly out, F8 (Line Drive, 8RM, EV 93.1 MPH)
Batting: RHB Gregor Lennox 0-0: Foul Ball, location: 2F
0-1: Ball
1-1: Ball
2-1: Ball
3-1: Base on Balls
Batting: RHB Alonso Salgado 0-0: Ball
1-0: Called Strike
1-1: Foul Ball, location: 2F
1-2: Fly out, F2 (Popup, 25F, EV 78.1 MPH)
Batting: RHB Oliver Buss 0-0: Called Strike
0-1: Called Strike
0-2: Strikes out swinging
Top of the 8th over - 2 runs, 2 hits, 0 errors, 1 left on base; Columbia 4 - Walla Walla 1
BOTTOM OF THE 8TH
Walla Walla Walleye batting - Pitching for Columbia River Rats : RHP Rijk Blok
Batting: RHB Alberto Zúńiga 0-0: Foul Ball, location: 2F
0-1: Ball
1-1: Swinging Strike
1-2: Ball
2-2: Foul Ball, location: 2F
2-2: Strikes out swinging
Batting: RHB Carlton Martin 0-0: Ball
1-0: Foul Ball, location: 2F
1-1: Swinging Strike
1-2: Ball
2-2: Strikes out swinging
Batting: LHB Steve Williams 0-0: Foul Ball, location: 2F
0-1: Ball
1-1: Ball
2-1: Called Strike
2-2: Strikes out swinging
Bottom of the 8th over - 0 runs, 0 hits, 0 errors, 0 left on base; Columbia 4 - Walla Walla 1
TOP OF THE 9TH
Columbia River Rats batting - Pitching for Walla Walla Walleye : LHP Derrick Jones
Batting: RHB Robinson Vargas 0-0: Called Strike
0-1: Ball
1-1: Called Strike
1-2: Strikes out swinging
Batting: RHB Guillermo Alemán 0-0: Swinging Strike
0-1: Called Strike
0-2: Ball
1-2: Strikes out looking
Batting: LHB Amani Marwan 0-0: Ground out 6-3 (Groundball, 6MS, EV 93.8 MPH)
Top of the 9th over - 0 runs, 0 hits, 0 errors, 0 left on base; Columbia 4 - Walla Walla 1
BOTTOM OF THE 9TH
Walla Walla Walleye batting - Pitching for Columbia River Rats : RHP Rijk Blok
Pitching: RHP Jason Cannon
Batting: RHB Jordan Attoe 0-0: Ball
1-0: Ball
2-0: Fly out, F8 (Flyball, 8RM, EV 80.0 MPH)
Batting: RHB Eloi Hanai 0-0: Ball
1-0: Swinging Strike
1-1: Called Strike
1-2: Foul Ball, location: 2F
1-2: Strikes out swinging, 2-3 out at first.
Batting: LHB Van Durr 0-0: Called Strike
0-1: Ball
1-1: Ball
2-1: Ground out 6-3 (Groundball, 56, EV 97.5 MPH)
Bottom of the 9th over - 0 runs, 0 hits, 0 errors, 0 left on base; Columbia 4 - Walla Walla 1
Tuesday, January 5th, 2021 - OOTP Baseball 20.8 Build 74